 Dungeon Crawl Stone Soup version 0.22-a0-433-gd2a9cce (webtiles) character file.

2513 GameOver the Conjurer (level 9, -1/79 HPs)
             Began as a Naga Wizard on May 28, 2018.
             Was a Follower of Kikubaaqudgha.
             Slain by a wolf (9 damage)
             ... led by Grum
             ... on level 8 of the Dungeon.
             The game lasted 00:32:45 (6174 turns).

GameOver the Conjurer (Naga Wizard)                 Turns: 6174, Time: 00:32:46

Health: -1/79      AC:  5    Str: 11    XL:     9   Next: 53%
Magic:  5/15       EV:  9    Int: 26    God:    Kikubaaqudgha [*.....]
Gold:   402        SH:  0    Dex:  9    Spells: 8/17 levels left

rFire    . . .     SeeInvis +   r - +2 dagger (elec)
rCold    . . .     Gourm    .   (no shield)
rNeg     . . .     Faith    .   x - +0 leather armour
rPois    +         Spirit   .   s - +0 helmet
rElec    .         Reflect  .   (no cloak)
rCorr    .         Harm     .   (no gloves)
MR       ++...                  (no barding)
Stlth    ++........             (no amulet)
HPRegen  0.23/turn              y - ring of protection from magic
MPRegen  0.14/turn              (no ring)

@: brilliant, about to teleport, very slow
A: large, see invisible, deformed body, poison resistance, slowness 2, slow
metabolism 1, spit poison 1, AC +3
a: Spit Poison, Receive Corpses, Renounce Religion


You were on level 8 of the Dungeon.
You worshipped Kikubaaqudgha.
Kikubaaqudgha was aware of your devotion.
You were not hungry.

You visited 1 branch of the dungeon, and saw 8 of its levels.

You collected 402 gold pieces.

Inventory:

Hand Weapons
 r - a +2 dagger of electrocution (weapon)
 w - a +3 trident of venom
Missiles
 n - 63 sling bullets
 B - 35 bolts
Armour
 s - a +0 helmet (worn)
 x - a +0 leather armour (worn)
 E - a +2 shield of cold resistance
Jewellery
 y - a ring of protection from magic (left hand)
Wands
 m - a wand of flame (107)
 C - a wand of random effects (25)
Scrolls
 a - a scroll of amnesia
 b - a scroll of immolation
 c - 2 scrolls of fear {unknown}
 g - 4 scrolls of enchant weapon
 h - 2 scrolls of blinking
 j - 2 scrolls of magic mapping
 l - a scroll of remove curse
 q - 2 scrolls of teleportation
 D - a scroll of torment
Potions
 e - a potion of cancellation
 i - a potion of agility {unknown}
 k - a potion of might {unknown}
 t - 3 potions of curing
 v - a potion of berserk rage {unknown}
 A - 2 potions of heal wounds
Comestibles
 d - 24 rations
 p - 5 chunks of flesh


   Skills:
 - Level 4.4 Fighting
 + Level 0.5 Short Blades
   Level 0.5(4.0) Maces & Flails
 - Level 1.5(4.3) Polearms
   Level 6.4(6.6) Staves
 - Level 2.2 Armour
 - Level 1.5 Dodging
 - Level 3.0 Stealth
 * Level 2.2 Shields
 - Level 4.5 Spellcasting
 - Level 6.6 Conjurations
   Level 1.0 Summonings
 - Level 1.0 Translocations
 - Level 4.0 Poison Magic


You had 8 spell levels left.
You knew the following spells:

 Your Spells              Type           Power        Failure   Level  Hunger
a - Magic Dart            Conj           ####         1%          1    None
b - Blink                 Tloc           N/A          1%          2    None
d - Mephitic Cloud        Conj/Pois/Air  #####...     1%          3    ##.....
s - Conjure Flame         Conj/Fire      #####...     1%          3    ##.....

Your spell library contained the following spells:

 Spells                   Type           Power        Failure   Level  Hunger
 Slow                     Hex            ###.....     1%          2    None
 Pain                     Necr           ###.         1%          1    None
 Vampiric Draining        Necr           ###.......   4%          3    ##.....
 Call Imp                 Summ           ####....     1%          2    None
 Sublimation of Blood     Necr           ###.......   1%          2    None
 Corpse Rot               Necr           N/A          1%          2    None


Dungeon Overview and Level Annotations

Branches:
Dungeon (8/15)             Temple (0/1) D:5
   Lair: D:8-11

Altars:
Ashenzari
Cheibriados
Dithmenos
Kikubaaqudgha
Uskayaw
Wu Jian
The Shining One

Annotations:
D:8 Grum


Innate Abilities, Weirdness & Mutations

You cannot wear boots.
Your serpentine skin is tough. (AC +3)
You have supernaturally acute eyesight. (SInv)
Armour fits poorly on your strangely shaped body.
Your system is resistant to poisons. (rPois)
You cover ground very slowly.
You have a slow metabolism.
You can spit poison.


Message History

Casting: Mephitic Cloud (safe; 1% risk of failure)
Confirm with . or Enter, or press ? or * to list all spells.
You blink.
The orc wizard casts a spell.
The orc wizard blinks!
The warg barely misses you.
Unknown command.
Casting: Blink (safe; 1% risk of failure)
Confirm with . or Enter, or press ? or * to list all spells.
You blink.
A warg comes into view.
The warg howls!
An orc comes into view. It is wielding a whip.
The orc shouts!
An orc comes into view. It is wielding a dagger.
The orc throws a tomahawk.
The tomahawk barely misses you.
Unknown command.
As you read the scroll of teleportation, it crumbles to dust.
You feel strangely unstable. The wolf bites you!
You die...
Kikubaaqudgha rasps: "You have failed me!
Welcome... death!"

. ......... .. ..P..P.# ...
###.oh....# ....## #§#
.....# ?.....##.###...####
#.g....#.......#
####..§#.o.##.#
#...h...#..# .#....o)@...##
..........h(...#####.
#..###....####.._......
#..####...# #.........
####..#......## #....#...#
..##...........###........#
.........................##
................##...###..#
...............####..# ..#


You could see 2 wargs, a wolf (confused), an orc wizard and 2 orcs.

Vanquished Creatures
  A spriggan (D:7)
  Eustachio (D:4)
  Menkaure (D:5)
  Edmund (D:4)
  An orc warrior (D:6)
  2 phantoms
  A centaur (D:6)
  An ogre (D:5)
  A wolf (D:8)
  The ghost of 4thArraOfDagon the Magician, an amateur OpWz of Vehumet (D:6)
  Blork the orc (D:6)
  2 bullfrogs
  A scorpion (D:3)
  2 howler monkeys
  3 crimson imps
  A quasit (D:5)
  A centaur skeleton (D:4)
  3 hounds
  4 orc priests
  Crazy Yiuf (D:3)
  3 jellies
  An orc wizard (D:5)
  Ijyb (D:5)
  Jessica (D:2)
  Terence (D:1)
  A bullfrog skeleton (D:5)
  4 worker ants
  2 hound skeletons
  Robin (D:4)
  A howler monkey skeleton (D:5)
  9 adders
  3 worms
  2 dart slugs
  4 leopard geckos
  9 orcs
  4 giant cockroaches
  18 goblins
  9 hobgoblins
  10 jackals
  6 kobolds
  8 bats
  3 frilled lizards
  A leopard gecko skeleton (D:5)
  9 rats
141 creatures vanquished.

Vanquished Creatures (others)
  A polar bear (D:5)
1 creature vanquished.

Grand Total: 142 creatures vanquished

Notes
Turn   | Place    | Note
-------+----------+-------------------------------------------
     0 | D:1      | GameOver the Naga Wizard began the quest for the Orb.
     0 | D:1      | Reached XP level 1. HP: 15/15 MP: 4/4
   151 | D:1      | Reached XP level 2. HP: 7/22 MP: 6/6
   458 | D:1      | Reached XP level 3. HP: 28/28 MP: 4/7
   462 | D:1      | Learned a level 2 spell: Blink
   466 | D:1      | Learned a level 3 spell: Mephitic Cloud
   856 | D:2      | Noticed Terence
   900 | D:1      | Killed Terence
   900 | D:1      | Reached XP level 4. HP: 21/36 MP: 1/8
  1165 | D:2      | Noticed Jessica
  1169 | D:2      | Killed Jessica
  1256 | D:2      | Found a shattered altar of Ashenzari.
  1256 | D:2      | Found a hide-covered altar of Uskayaw.
  1338 | D:2      | Reached XP level 5. HP: 42/42 MP: 3/9
  1370 | D:2      | Found a shadowy altar of Dithmenos.
  1917 | D:2      | Learned a level 3 spell: Conjure Flame
  1918 | D:3      | Noticed Ijyb
  2014 | D:3      | Reached skill level 5 in Conjurations
  2051 | D:3      | Found a runed door.
  2438 | D:3      | Reached skill level 1 in Fighting
  2618 | D:3      | Noticed Crazy Yiuf
  2630 | D:3      | Killed Crazy Yiuf
  2630 | D:3      | Reached XP level 6. HP: 51/51 MP: 7/10
  3363 | D:4      | Noticed Robin
  3375 | D:4      | Reached skill level 1 in Staves
  3376 | D:4      | Killed Robin
  3416 | D:4      | Noticed a phantom
  3463 | D:4      | Killed a phantom
  3480 | D:4      | Found a glowing golden altar of the Shining One.
  3502 | D:4      | Noticed Edmund
  3511 | D:4      | Killed Edmund
  3511 | D:4      | Reached XP level 7. HP: 39/61 MP: 8/11
  3524 | D:4      | Found a snail-covered altar of Cheibriados.
  3758 | D:4      | Found an ancient bone altar of Kikubaaqudgha.
  3761 | D:4      | Became a worshipper of Kikubaaqudgha
  3911 | D:4      | Noticed Eustachio
  3923 | D:4      | Killed Eustachio
  4011 | D:5      | Entered Level 5 of the Dungeon
  4231 | D:5      | Reached skill level 1 in Poison Magic
  4296 | D:5      | Reached XP level 8. HP: 72/72 MP: 7/12
  4419 | D:5      | Found a staircase to the Ecumenical Temple.
  4460 | D:5      | Reached skill level 1 in Armour
  4549 | D:5      | Killed Ijyb
  4643 | D:5      | Noticed Menkaure
  4648 | D:5      | Killed Menkaure
  4864 | D:6      | Noticed Blork the orc
  4877 | D:6      | Killed Blork the orc
  4976 | D:6      | Reached skill level 5 in Staves
  5046 | D:6      | Reached * piety under Kikubaaqudgha
  5046 | D:6      | Identified Kikubaaqudgha's Papyrus of Sinister Arts (Kikubaaqudgha gifted it to you on level 6 of the Dungeon)
  5046 | D:6      | Received a gift from Kikubaaqudgha
  5278 | D:6      | Reached XP level 9. HP: 61/78 MP: 4/15
  5282 | D:6      | Noticed a polar bear
  5282 | D:6      | a bullfrog changed into a polar bear
  5457 | D:6      | Noticed 4thArraOfDagon's ghost (amateur OpWz)
  5466 | D:5      | Banished a polar bear
  5472 | D:6      | Killed 4thArraOfDagon's ghost
  5998 | D:7      | Reached skill level 1 in Polearms
  5998 | D:7      | Reached skill level 1 in Shields
  6122 | D:8      | Found an ornate altar of the Wu Jian Council.
  6147 | D:8      | Noticed Grum
  6174 | D:8      | Slain by a wolf

Vault maps used:
D:1:      minmay_arrival_shattered_statue, minmay_distorted
D:2:      lemuel_doored_altar, chequers_temple_overflow_statue_of_worship,
          moated_statue, uniq_jessica, uniq_terence
D:3:      uniq_crazy_yiuf_cottage, uniq_ijyb
D:4:      overflow_temple_1_default, tso_oasis_becter, kennysheep_mini_moat,
          uniq_edmund, uniq_eustachio, uniq_robin
D:5:      minmay_temple_entry_mist, first_ration, minmay_misc_feat_enclosed,
          hangedman_decor_lopped, st_stairs_8, uniq_menkaure
D:6:      uniq_blork_the_orc
D:7:      the_bakery
D:8:      overflow_temple_1_default, fedhas_altar_1, erik_lair_orcish_takeover,
          uniq_grum

Skill      XL: |  1  2  3  4  5  6  7  8  9 |
---------------+----------------------------+-----
Conjurations   | 2 3 4 5 6 |  6.6
Fighting       | 1 2 3 4 |  4.4
Staves         | 2 3 5 6 |  6.4
Poison Magic   | 1 4 |  4.0
Armour         | 2 |  2.2
Spellcasting   | 4 |  4.5
Polearms       | 1 |  1.5
Shields        | 2 |  2.2
Short Blades   | |  0.5
Maces & Flails | |  0.5
Dodging        | |  1.5
Stealth        | |  3.0
Summonings     | |  1.0
Translocations | |  1.0

Action                   |  1- 3 |  4- 6 |  7- 9 || total
-------------------------+-------+-------+-------++-------
Melee: Dagger            |    16 |       |     5 ||    21
       Trident           |       |    10 |    30 ||    40
       Quarterstaff      |       |    29 |    96 ||   125
 Cast: Magic Dart        |    31 |    99 |    84 ||   214
       Mephitic Cloud    |       |     4 |    10 ||    14
       Blink             |       |       |     4 ||     4
 Abil: Spit Poison       |    27 |    36 |    32 ||    95
  Use: Potion            |     1 |       |     4 ||     5
       Scroll            |       |     5 |     6 ||    11
 Stab: Confused          |       |     3 |     4 ||     7
       Paralysed         |       |       |     4 ||     4
  Eat: Chunk             |       |     7 |    11 ||    18
       Ration            |       |     1 |       ||     1
Armor: Robe              |     9 |    10 |       ||    19
       Leather armour    |       |       |    71 ||    71
Dodge: Dodged            |    25 |    20 |    67 ||   112
Block: Shield            |       |       |    21 ||    21

Table legend:
 A = Spawn XP
 B = Non-spawn XP
 C = Spawn XP percentage of total XP
 D = Spawn monster count
 E = Non-spawn monster count
 F = Spawn count percentage of total count
 G = Total turns spent on level
                    A         B        C        D         E        F      G
               +---------+---------+-------+---------+---------+-------+---------
         Total |       0 |    3591 |   0.0 |       0 |     142 |   0.0 |  6174
               +---------+---------+-------+---------+---------+-------+---------
           D:1 |       0 |      80 |   0.0 |       0 |      25 |   0.0 |  1028
           D:2 |       0 |      94 |   0.0 |       0 |      19 |   0.0 |   911
           D:3 |       0 |     178 |   0.0 |       0 |      22 |   0.0 |  1208
           D:4 |       0 |     732 |   0.0 |       0 |      27 |   0.0 |   864
           D:5 |       0 |    1113 |   0.0 |       0 |      21 |   0.0 |   929
           D:6 |       0 |     713 |   0.0 |       0 |      16 |   0.0 |   680
           D:7 |       0 |     523 |   0.0 |       0 |       6 |   0.0 |   440
           D:8 |       0 |     158 |   0.0 |       0 |       6 |   0.0 |   114
               +---------+---------+-------+---------+---------+-------+---------
